Map: Ley Lines

Players

Pho - Winner!

  • Race: Terran Terran
  • League: Platinum
  • Spawn Location: 7:00

ManlyManMeat

  • Race: Terran Terran
  • League: Master
  • Spawn Location: 1:00

VOD

Have the link to the VOD?

Description

Time

  • Played on: June 11, 2025, 5:41 p.m.
  • Length: 18:58
Show
View Real Time Build Order
Export as new Build Order

Pho Terran - Winner!

Build Orders: 1/1/1 

Get SALT Encoding   

  12  0:00  SCV  
  13  0:13  Supply Depot  
  13  0:18  SCV  
  14  0:30  SCV  
  15  0:35  Barracks  
  15  0:42  SCV  
  16  0:53  Refinery x2  
  16  0:55  SCV  
  17  1:10  SCV  
  18  1:24  Marine, Supply Depot  
  19  1:26  Orbital Command  
  19  1:37  Factory  
  19  1:42  Marine  
  20  1:59  SCV  
  21  2:01  Marine  
  22  2:11  SCV  
  23  2:21  Factory Tech Lab  
  23  2:23  SCV  
  23  2:24  Starport  
  23  2:25  Marine  
  25  2:35  SCV  
  26  2:44  Marine  
  27  2:47  SCV  
  28  2:59  SCV  
  28  3:02  Fusion Core  
  28  3:05  Starport Tech Lab  
  29  3:11  SCV  
  30  3:13  Supply Depot  
  30  3:22  Command Center  
  30  3:25  Marine  
  31  3:35  SCV  
  31  3:36  Supply Depot  
  31  3:40  Starport  
  32  3:57  Battlecruiser  
  38  4:11  SCV  
  39  4:22  Siege Tank  
  42  4:25  SCV  
  42  4:26  Starport Tech Lab, Refinery  
  42  4:29  Refinery  
  43  4:37  SCV  
  44  4:45  Marine  
  44  4:49  SCV  
  44  4:50  SCV  
  47  4:54  Siege Tank  
  50  5:02  SCV  
  50  5:03  Orbital Command  
  51  5:14  SCV  
  52  5:26  SCV  
  53  5:35  SCV  
  48  5:37  Weapon Refit  
  48  5:38  SCV  
  49  5:47  SCV  
  50  5:50  SCV, Command Center  
  50  5:54  Battlecruiser  
  57  6:12  Battlecruiser  
  57  6:15  Bunker, SCV  
  57  6:16  SCV  
  57  6:17  Supply Depot  
  65  6:27  SCV  
  65  6:32  SCV  
  67  6:38  Marine  
  69  6:40  SCV  
  69  6:44  SCV, Supply Depot  
  70  6:52  Engineering Bay, SCV  
  71  6:56  SCV, Marine  
  73  7:12  Battlecruiser  
  78  7:16  Battlecruiser  
  84  7:35  SCV x2  
  86  7:47  SCV  
  86  7:48  Siege Tank, Command Center  
  86  7:50  SCV  
  91  7:51  Starport  
  91  7:54  Starport  
  91  7:59  SCV  
  91  8:00  Orbital Command  
  91  8:01  Refinery  
  91  8:02  SCV  
  93  8:09  Armory  
  93  8:12  Armory  
  93  8:19  Supply Depot, Terran Infantry Weapons Level 1  
  93  8:21  Supply Depot  
  93  8:22  Supply Depot  
  93  8:28  Refinery  
  93  8:40  Starport Tech Lab, SCV x3  
  96  8:41  Starport Tech Lab  
  96  8:50  Battlecruiser  
  96  8:52  SCV x3  
  105  9:01  Battlecruiser  
  111  9:04  SCV x2  
  113  9:14  SCV  
  113  9:17  SCV x2  
  116  9:24  Battlecruiser  
  116  9:26  SCV  
  116  9:27  Refinery x2, Supply Depot  
  116  9:29  SCV, Supply Depot  
  116  9:30  SCV  
  125  9:36  Terran Ship Weapons Level 1  
  125  9:37  Terran Vehicle And Ship Armor Level 1, Supply Depot  
  125  9:45  Orbital Command  
  125  9:52  SCV x3  
  127  10:02  Bunker, Battlecruiser x2  
  127  10:04  SCV x2  
  135  10:22  SCV  
  135  10:23  SCV, Marine  
  135  10:25  Viking  
  140  10:28  Viking  
  140  10:32  Bunker  
  134  10:40  Marine  
  122  10:53  SCV x4  
  126  11:03  Thor, Starport  
  132  11:04  Starport  
  132  11:05  Battlecruiser, SCV  
  132  11:07  Starport  
  139  11:16  Command Center  
  139  11:17  Command Center  
  139  11:22  Command Center  
  139  11:23  Command Center  
  139  11:30  SCV  
  139  11:31  SCV x3  
  143  11:33  Battlecruiser  
  143  11:34  Battlecruiser  
  155  11:43  SCV  
  155  11:46  Terran Ship Weapons Level 2  
  156  11:48  Terran Vehicle And Ship Armor Level 2  
  156  11:55  Starport Tech Lab  
  156  11:56  Starport Tech Lab x2  
  156  12:11  SCV x2  
  156  12:14  SCV  
  147  12:39  Battlecruiser  
  147  12:40  Battlecruiser x2  
  165  12:45  SCV  
  165  12:46  SCV x3  
  169  13:07  SCV  
  169  13:08  SCV x3  
  179  13:12  Battlecruiser  
  179  13:13  Command Center  
  179  13:14  Command Center x2  
  179  13:15  Command Center  
  179  13:19  SCV  
  180  13:20  SCV x3, Command Center x2  
  182  13:31  SCV  
  182  13:32  SCV x2  
  175  13:44  Battlecruiser  
  181  13:48  Battlecruiser  
  181  13:49  Battlecruiser  
  181  13:50  Orbital Command  
  181  13:53  SCV x2  
  181  13:54  SCV  
  197  13:56  SCV  
  197  13:57  Planetary Fortress  
  197  13:59  Planetary Fortress  
  197  14:01  Planetary Fortress  
  197  14:13  SCV  
  197  14:14  SCV x2  
  200  14:18  Refinery  
  200  14:21  Refinery  
  200  14:26  Caduceus Reactor  
  200  14:29  Refinery  
  200  14:31  Terran Ship Weapons Level 3, Refinery  
  200  14:32  Terran Vehicle And Ship Armor Level 3  
  200  14:39  Orbital Command  
  200  14:40  Orbital Command x2  
  200  14:41  Orbital Command  
  188  15:03  Battlecruiser x2  
  200  15:11  Command Center  
  200  15:12  Command Center  
  194  15:22  Advanced Ballistics  
  188  15:30  Battlecruiser x2  
  198  16:23  SCV x2  
  200  16:30  Refinery  
  200  16:31  Refinery  
  200  16:32  Battlecruiser  
  176  17:01  Battlecruiser x5  
  182  17:02  Battlecruiser, Refinery  
  182  17:04  Refinery  
  170  17:25  Unknown  
  170  17:29  Unknown  
  161  17:47  Planetary Fortress  
  161  17:57  Planetary Fortress  
  192  18:33  Sensor Tower  
  192  18:42  Sensor Tower  
  191  18:53  Sensor Tower  
Show
View Real Time Build Order
Export as new Build Order

ManlyManMeat Terran 

Build Orders: Reaper Expand 

Get SALT Encoding   

  12  0:00  SCV  
  13  0:12  SCV  
  14  0:17  Supply Depot  
  14  0:24  SCV  
  15  0:39  SCV  
  15  0:40  Barracks  
  16  0:46  Refinery  
  16  0:51  SCV  
  17  1:03  SCV  
  18  1:15  SCV  
  19  1:27  Orbital Command  
  19  1:29  Reaper  
  20  1:41  Command Center  
  20  1:54  Supply Depot  
  20  1:56  SCV  
  21  2:01  Marine  
  22  2:08  SCV  
  23  2:23  Barracks Reactor  
  23  2:28  Factory  
  23  2:32  Bunker  
  23  2:33  Refinery  
  22  2:48  SCV  
  23  3:00  SCV  
  24  3:07  Orbital Command  
  24  3:10  Marine x2  
  26  3:13  SCV  
  26  3:15  Barracks  
  26  3:16  Factory Tech Lab  
  27  3:22  Starport  
  27  3:25  SCV  
  28  3:27  Marine  
  29  3:34  Siege Tank  
  29  3:37  SCV  
  29  3:39  Marine  
  34  3:45  Marine  
  34  3:47  SCV, Supply Depot  
  36  3:57  Marine  
  37  4:03  Viking  
  37  4:06  Barracks Tech Lab  
  39  4:12  Engineering Bay  
  39  4:13  Supply Depot  
  39  4:16  SCV x2  
  41  4:18  Marine x2  
  43  4:24  Siege Tank  
  46  4:33  SCV x2  
  46  4:37  Supply Depot  
  48  4:39  Terran Infantry Weapons Level 1  
  48  4:41  Missile Turret  
  48  4:43  Missile Turret  
  48  4:48  Marine x2  
  50  4:58  Marine  
  51  5:01  Stimpack  
  51  5:06  Marine x2  
  53  5:08  SCV x2  
  55  5:20  SCV  
  54  5:25  Marine x2  
  51  5:52  Missile Turret  
  51  5:53  Missile Turret  
  51  5:58  Hellion  
  53  6:04  Marine x2  
  55  6:12  SCV x2  
  57  6:20  Hellion  
  57  6:22  Marine x2  
  57  6:23  Command Center  
  57  6:24  SCV  
  62  6:33  Terran Infantry Armor Level 1  
  62  6:35  Viking x2  
  62  6:36  SCV  
  65  6:58  SCV x2  
  67  7:02  Supply Depot  
  67  7:03  Supply Depot  
  58  7:28  SCV  
  58  7:32  SCV  
  58  7:33  Marine x2  
  61  7:40  SCV, Supply Depot  
  61  7:41  Barracks  
  61  7:42  Supply Depot, Barracks  
  61  7:43  Barracks  
  61  7:44  SCV, Viking x2  
  68  7:51  Missile Turret  
  68  7:53  Missile Turret  
  68  7:59  Orbital Command  
  68  8:11  Siege Tank, Marine x2  
  70  8:14  Viking x2  
  74  8:27  Hi-Sec Auto Tracking  
  74  8:29  Marine  
  77  8:38  Orbital Command  
  77  8:42  Command Center  
  77  8:43  Marine  
  77  8:45  Barracks Reactor x2  
  77  8:47  Barracks Tech Lab  
  75  9:06  Viking x2  
  78  9:11  Starport  
  78  9:14  Refinery  
  78  9:15  Refinery  
  78  9:21  SCV x3  
  78  9:23  Marine  
  78  9:24  Marine x6  
  88  9:33  SCV x3  
  91  9:38  Missile Turret  
  91  9:41  Marine  
  91  9:45  SCV x2  
  93  9:48  Supply Depot  
  93  9:49  Supply Depot  
  93  9:50  Missile Turret  
  93  9:51  Missile Turret  
  94  9:53  Missile Turret  
  94  9:54  Missile Turret  
  94  9:55  Missile Turret  
  94  9:56  Refinery  
  94  9:58  SCV  
  94  10:05  Hellion  
  96  10:08  Starport Reactor  
  93  10:20  Marine x2  
  93  10:21  Marine x5  
  87  10:25  Orbital Command  
  87  10:26  Hellion  
  87  10:27  SCV x3  
  84  10:39  SCV x3  
  76  10:48  Viking x4  
  79  10:55  Marine x5  
  79  10:56  Marine  
  85  11:04  SCV x2  
  86  11:10  Marine, Refinery  
  88  11:13  Combat Shield, Marine x5  
  88  11:18  Viking x4  
  97  11:27  SCV  
  97  11:28  SCV  
  99  11:34  Sensor Tower  
  99  11:36  Neosteel Armor  
  99  11:39  SCV  
  100  11:40  SCV  
  100  11:41  Armory  
  101  11:49  Viking x2  
  101  11:50  Viking x2  
  109  12:03  Command Center  
  109  12:05  Marine  
  109  12:06  Marine x6  
  111  12:19  Viking x2  
  111  12:20  Viking  
  93  12:42  Viking  
  93  12:44  Marine x7  
  95  12:49  Viking x2  
  95  12:51  Refinery  
  106  12:52  Missile Turret, Refinery  
  106  12:53  Viking  
  106  12:57  Terran Ship Weapons Level 1  
  108  12:59  Armory  
  108  13:02  Marine x5  
  113  13:12  Viking  
  115  13:13  Marine x2  
  115  13:15  Siege Tank  
  115  13:16  Terran Infantry Weapons Level 2  
  115  13:19  Viking x2, Marine x2  
  120  13:40  Viking  
  111  13:42  Viking  
  111  13:47  Hellion  
  114  13:49  Viking x2  
  118  13:58  Terran Vehicle And Ship Armor Level 1  
  118  14:01  Orbital Command  
  118  14:02  SCV x4  
  122  14:07  Supply Depot  
  122  14:08  Supply Depot  
  122  14:10  Viking  
  122  14:11  Marine x5  
  122  14:12  Viking, Marine  
  122  14:14  SCV x3  
  135  14:19  Viking x2  
  139  14:32  SCV x2  
  139  14:33  SCV x2  
  143  14:40  Viking  
  143  14:42  Viking  
  143  14:44  SCV  
  148  14:49  Viking x2  
  141  15:01  Marine x5  
  141  15:02  Marine x2  
  145  15:10  Viking  
  145  15:12  Viking  
  149  15:19  Viking x2  
  137  15:27  Hellion  
  122  15:28  Marine x2  
  122  15:29  Marine x5  
  129  15:40  Viking  
  129  15:42  Viking  
  133  15:44  Factory x2  
  133  15:49  Viking  
  135  15:51  Terran Ship Weapons Level 2, Terran Vehicle And Ship Armor Level 2  
  135  15:53  Terran Infantry Weapons Level 3  
  135  15:59  Viking  
  137  16:04  Starport  
  137  16:06  Starport  
  137  16:10  Viking  
  129  16:17  Refinery  
  128  16:18  Refinery  
  97  16:44  Viking x3  
  97  16:45  Viking  
  96  17:04  Marine x7  
  89  17:14  Viking x3  
  89  17:15  Viking  
  91  17:21  Marine  
  91  17:22  Marine  
  84  17:38  Marine x2  
  84  17:39  Marine x2  
  88  17:44  Viking x3  
  88  17:46  Viking  
  88  17:47  Marine x3  
  99  17:51  Viking  
  99  17:52  Supply Depot  
  99  17:55  Supply Depot  
  99  17:56  Marine x3  
  99  17:57  Marine  
  107  18:14  Viking x2  
  107  18:17  Marine x6  
  107  18:18  Marine  
  107  18:19  Viking x2  
  122  18:22  Starport Reactor  
  122  18:24  Starport Reactor  
  122  18:26  Command Center  
  120  18:34  Marine  
  120  18:35  Marine x2  
Tags
 
Add a new tag
Caveats
  • Supply blocks, unpowered buildings, or Contaminate may cause inaccurate times.
  • Supply counts are checked every 10 seconds.